 Dungeon Crawl Stone Soup version 0.28-a0-895-g6e5f11bd55 (webtiles) character file.

Game seed: 13078943646331205717

32 orbtoucher the Bolt Thrower (level 3, 0/31 HPs)
             Began as a Kobold Arcane Marksman on Nov 23, 2021.
             Succumbed to an adder's poison
             ... on level 2 of the Dungeon.
             The game lasted 00:04:53 (1804 turns).

orbtoucher the Bolt Thrower (KoAM)                  Turns: 1804, Time: 00:04:53

Health: 0/31       AC: 21    Str:  7    XL:     3   Next: 45%
Magic:  4/4        EV:  3    Int: 15    God:
Gold:   61         SH:  0    Dex: 15    Spells: 3/4 levels left

rFire   . . .      SeeInvis .   a - +0 hand crossbow
rCold   . . .      Faith    .   (shield restricted)
rNeg    . . .      Spirit   .   (armour currently unavailable)
rPois   +          Reflect  .   (helmet currently unavailable)
rElec   .          Harm     .   (cloak currently unavailable)
rCorr   .          Rampage  .   (gloves currently unavailable)
Will    .....      NoTele   +   (boots currently unavailable)
Stlth   +++.......              (no amulet)
HPRegen 0.10/turn               (no ring)
MPRegen 0.09/turn               (no ring)

@: lethally poisoned (0 -> -3), tree-form, attractive
A: stationary, stasis, torment immunity, boosted hp, small, no large weapons,
nightstalker 3
a: no special abilities


You were on level 2 of the Dungeon.
You were a tree.
You visited 1 branch of the dungeon, and saw 2 of its levels.

You collected 61 gold pieces.

Inventory:

Hand Weapons
 a - a +0 hand crossbow (weapon)
 b - a +0 dagger
Missiles
 c - 10 bolts (quivered ammo)
 h - 47 stones
 i - 12 poisoned darts
Armour
 d - a +0 robe (melded)
 j - a +1 pair of gloves (melded)
Magical Staves
 g - a staff of fire
Potions
 f - a potion of attraction


   Skills:
 + Level 1.7 Fighting
 * Level 0.0 Short Blades
 * Level 3.3 Crossbows
 + Level 2.9 Dodging
 + Level 1.4 Stealth
 - Level 1.1 Spellcasting
 - Level 3.0 Hexes


You had 3 spell levels left.
You knew the following spells:

 Your Spells              Type           Power      Damage    Failure   Level
a - Slow                  Hex            36%        N/A       7%          1

Your spell library contained the following spells:

 Spells                   Type           Power      Damage    Failure   Level
 Shock                    Conj/Air       0%         1d3       24%         1
 Inner Flame              Hex/Fire       5%         N/A       36%         3
 Portal Projectile        Hex/Tloc       10%        N/A       36%         3
 Swiftness                Air            0%         N/A       58%         3
 Cause Fear               Hex            4%         N/A       56%         4
 Airstrike                Air            0%         N/A       94%         4


Dungeon Overview and Level Annotations

Branches:
Dungeon (2/15)

Altars:


Innate Abilities, Weirdness & Mutations

You are a tree.
Your roots penetrate the ground, keeping you stationary.
You cannot be teleported.
You are immune to unholy pain and torment.
Your maximum health is greatly increased.
Your equipment is partially melded.
You are small and have problems with some larger weapons.
You are completely attuned to the shadows.


Message History

Press: ? - help, Q - select action, (/) - cycle Shift-Dir - straight line, f/p - adder
Aim: an adder (moderately wounded, 46% to hit)
You shoot a bolt. The bolt misses the adder.
The adder misses you. The adder bites you.
Unknown command.
Fire: 13 bolts
Press: ? - help, Q - select action, (/) - cycle Shift-Dir - straight line, f/p - adder
Aim: an adder (lightly wounded, 46% to hit)
You shoot a bolt. The bolt closely misses the adder.
The adder bites you.
You are poisoned.
The adder poisons you! The adder bites you.
You are lethally poisoned!
The adder poisons you!
Fire: 12 bolts
Press: ? - help, Q - select action, (/) - cycle Shift-Dir - straight line, f/p - adder
Aim: an adder (lightly wounded, 46% to hit)
You shoot a bolt. The bolt closely misses the adder.
You feel very sick. The adder closely misses you.
It was a potion of attraction.
You feel attractive to monsters.
* * * LOW HITPOINT WARNING * * *
You feel sick. The adder closely misses you. The adder misses you.
It was a potion of lignification.
You turn into a tree.
Your +1 pair of gloves melds into your body.
Your +0 robe melds into your body.
Your roots penetrate the ground.
You feel sick. The adder bites you.
* * * LOW HITPOINT WARNING * * *
As you read the scroll labelled VOLOL QERUSOUS, it crumbles to dust.
The creatures around you are filled with an inner flame!
It was a scroll of immolation.
* * * LOW HITPOINT WARNING * * *
You feel sick. The adder bites you.
* * * LOW HITPOINT WARNING * * *
Fire: 11 bolts
Press: ? - help, Q - select action, (/) - cycle Shift-Dir - straight line, f/p - adder
Aim: an adder (lightly wounded, inner flame, 46% to hit)
You shoot a bolt. The bolt misses the adder.
You die...

......#
#.# #...
###...#
#.# #...
#...#
#†# #...
#...#
#.###...
#...#
#.......
#...#
#####.##
#...####
#.#
#.......
#<#
#.#♣###.
#.#
#.#S# #
#.# #(#
.(.


You could see an adder (inner flame).

Vanquished Creatures
  A dart slug (D:1)
  2 ball pythons
  5 endoplasms (D:1)
  A giant cockroach (D:2)
  3 goblins (D:1)
  2 hobgoblins
  2 jackals (D:1)
  2 quokkas (D:1)
  2 bats (D:1)
  A frilled lizard (D:1)
  A kobold (D:1)
  5 rats (D:1)
27 creatures vanquished.

Notes
Turn   | Place    | Note
-------+----------+-------------------------------------------
     0 | D:1      | orbtoucher the Kobold Arcane Marksman began the quest for
                  | the Orb.
     0 | D:1      | Reached XP level 1. HP: 12/12 MP: 2/2
   241 | D:1      | Reached XP level 2. HP: 16/16 MP: 3/3
   274 | D:1      | Reached skill level 1 in Stealth
   300 | D:1      | Found a faded altar of an unknown god.
   758 | D:1      | Reached XP level 3. HP: 20/20 MP: 4/4
  1803 | D:2      | HP: 1/31 [adder (2)]
  1804 | D:2      | Succumbed to an adder's poison

Illustrated notes

Levels and vault maps discovered:
D:1:      dpeg_arrival_shelter, layout_basic, ebering_ecumenical_altar_webs,
          serial_forest, infiniplex_forest_lined_ring,
          infiniplex_forest_lined_2, infiniplex_forest_zigzag_2,
          infiniplex_forest_straight_4, infiniplex_forest_corner_1,
          infiniplex_forest_end_2
D:2:      layout_loops_ring, serial_shops, nicolae_shop_trees,
          nicolae_shop_trees

Skill      XL: |  1  2 |
---------------+-------+-----
Stealth        | 1 |  1.4
Crossbows      | 3 |  3.3
Fighting       | |  1.7
Dodging        | |  2.9
Spellcasting   | |  1.1
Hexes          | |  3.0

Action                   || total
-------------------------++-------
Melee: Dagger            ||    26
 Fire: Hand crossbow     ||    37
  Use: Potion            ||     2
       Scroll            ||     1
 Stab: Sleeping          ||     3
Armor: Robe              ||     2
Dodge: Dodged            ||    24

Table legend: (Time is in decaauts)
 A = Elapsed time spent in this place.
 B = Non-inter-level travel time spent in this place.
 C = Inter-level travel time spent in this place.
 D = Time resting spent in this place.
 E = Time spent auto-exploring this place.
 F = Levels seen in this place.
 G = Mean time per level.
                   A        B        C        D        E       F      G
               +--------+--------+--------+--------+--------+-----+--------+
         Total |   1809 |   1702 |    107 |    228 |   1281 |   2 |  904.5 |
       Dungeon |   1809 |   1702 |    107 |    228 |   1281 |   2 |  904.5 |
               +--------+--------+--------+--------+--------+-----+--------+

Top non-repeatable levels by time:
     D:1: 1735 daAuts
     D:2: 73 daAuts
